 Dungeon Crawl Stone Soup version 0.23.1 (webtiles) character file.

Game seed: 2834549088529122989

170 Marnok the Slinger (level 5, -2/35 HPs)
             Began as a Halfling Hunter on Mar 5, 2019.
             Slain by an orc
             ... wielding a cursed +0 flail
              (6 damage)
             ... on level 4 of the Dungeon.
             The game lasted 00:07:01 (1465 turns).

Marnok the Slinger (Halfling Hunter)                Turns: 1465, Time: 00:07:04

Health: -2/35      AC: 10    Str: 13    XL:     5   Next: 80%
Magic:  5/5        EV: 15    Int:  9    God:
Gold:   113        SH:  0    Dex: 16    Spells: 4/4 levels left

rFire    . . .     SeeInvis .   j - +1 mace (protect)
rCold    . . .     Gourm    .   (shield restricted)
rNeg     . . .     Faith    .   c - +0 leather armour
rPois    .         Spirit   .   (no helmet)
rElec    .         Reflect  .   (no cloak)
rCorr    .         Harm     .   (no gloves)
MR       .....                  (no boots)
Stlth    ++........             (no amulet)
HPRegen  0.11/turn              (no ring)
MPRegen  0.09/turn              (no ring)

@: protection aura
A: small, mutation resistance 1
a: no special abilities


You were on level 4 of the Dungeon.
You were hungry.

You visited 1 branch of the dungeon, and saw 5 of its levels.

You collected 113 gold pieces.

Inventory:

Hand Weapons
 a - a +1 hunting sling
 b - a +0 short sword
 j - a +1 mace of protection (weapon)
Missiles
 d - 17 sling bullets
 i - 5 needles of frenzy
 o - 14 stones (quivered)
Armour
 c - a +0 leather armour (worn)
Wands
 m - a wand of scattershot (6)
Scrolls
 e - 3 scrolls of remove curse {unknown}
 g - a scroll of random uselessness {unknown}
 h - 2 scrolls of teleportation {unknown}
 k - 2 scrolls of enchant armour {unknown}
 l - 2 scrolls of identify {unknown}
 n - a scroll of amnesia {unknown}
 s - a scroll of fear {unknown}
Potions
 p - a potion of invisibility {unknown}
 q - a potion of resistance {unknown}
Comestibles
 f - 4 rations


   Skills:
 + Level 2.4 Fighting
 + Level 0.2 Maces & Flails
 + Level 8.6 Slings
 + Level 1.2 Armour
 + Level 2.4 Dodging
 + Level 1.2 Stealth


You had 4 spell levels left.
You didn't know any spells.
Your spell library contained the following spells:

 Spells                   Type           Power        Failure   Level  Hunger
 Animate Skeleton         Necr           N/A          45%         1    ##.....
 Pain                     Necr           #...         45%         1    ##.....
 Regeneration             Chrm/Necr      #.........   83%         3    ####...
 Vampiric Draining        Necr           #.........   83%         3    ####...
 Animate Dead             Necr           N/A          99%         4    #####..


Dungeon Overview and Level Annotations

Branches:
Dungeon (5/15)
 Temple: D:4-7

Altars:
Ashenzari
Fedhas
The Shining One


Innate Abilities, Weirdness & Mutations

You are small and have problems with some larger weapons.
You are somewhat resistant to further mutation.


Message History

You hit the scorpion but do no damage.
The orc hits you with a cursed +0 flail.
The orc priest mumbles some strange prayers to Beogh against you.
Beogh smites you! The scorpion misses you. The orc closely misses you.
You hit the scorpion.
The scorpion is lightly wounded.
The orc priest hits you with a +0 dagger.
The scorpion closely misses you. The orc closely misses you.
The orc priest calls down the wrath of Beogh upon you.
Beogh smites you!
* * * LOW HITPOINT WARNING * * *
The scorpion stings you but does no damage.
You feel much better.
The orc priest mumbles some strange prayers to Beogh against you.
Pain shoots through your body!
* * * LOW HITPOINT WARNING * * *
The scorpion stings you.
* * * LOW HITPOINT WARNING * * *
The orc hits you with a cursed +0 flail.
You die...

#.### #.###.#...# #.#
#.#
....###......###.##.#
#.# #...........## .#.#
..# ..#.###..##.# .#.##
# #.#.# #..##.#
##....#.# ....#
#..###.###.......#
#.#####..####..........#
#....).........#.o......
#..####..#####..@s.....#
#..# #..# #.##o.....#
...# #..# #.# #......
#..####..# #.# ####.#
#........#####.# #
##.#####.....#.# #.#
#####.#.# #.# #.#.# #.#
#.#.#


You could see a scorpion, an orc priest and an orc.

Vanquished Creatures
  A phantom (D:4)
  An iguana (D:4)
  A worker ant (D:4)
  2 adders
  A worm (D:4)
  A leopard gecko (D:4)
  2 orcs (D:4)
  A ball python (D:4)
  2 giant cockroaches
  A hobgoblin (D:1)
  2 frilled lizards (D:4)
  A jackal skeleton (D:4)
  2 kobolds
  2 rats
20 creatures vanquished.

Notes
Turn   | Place    | Note
-------+----------+-------------------------------------------
     0 | D:1      | Marnok the Halfling Hunter began the quest for the Orb.
     0 | D:1      | Reached XP level 1. HP: 14/14 MP: 1/1
    49 | D:1      | Reached skill level 6 in Slings
    98 | D:2      | Reached XP level 2. HP: 19/19 MP: 2/2
   136 | D:3      | Found a shattered altar of Ashenzari.
   253 | D:3      | Reached skill level 7 in Slings
   253 | D:3      | Reached XP level 3. HP: 24/24 MP: 3/3
   390 | D:3      | Found a blossoming altar of Fedhas.
   417 | D:3      | You fall through a shaft!
   593 | D:4      | Found a glowing golden altar of the Shining One.
   648 | D:5      | Entered Level 5 of the Dungeon
   671 | D:4      | Reached XP level 4. HP: 29/29 MP: 4/4
   691 | D:4      | Noticed a phantom
   756 | D:4      | Killed a phantom
   756 | D:4      | Reached skill level 8 in Slings
   756 | D:4      | Reached skill level 1 in Armour
   756 | D:4      | Reached XP level 5. HP: 7/35 MP: 5/5
  1465 | D:4      | Slain by an orc

Skill      XL: |  1  2  3  4 |
---------------+-------------+-----
Slings         | 6 7 8 |  8.6
Fighting       | 2 |  2.4
Armour         | 1 |  1.2
Maces & Flails | |  0.2
Dodging        | |  2.4
Stealth        | |  1.2

Action                   |  1- 3 |  4- 6 || total
-------------------------+-------+-------++-------
Melee: Mace              |       |    27 ||    27
 Fire: Hunting sling     |    32 |    17 ||    49
  Use: Potion            |     2 |     1 ||     3
  Eat: Chunk             |       |     1 ||     1
Armor: Leather armour    |     1 |     5 ||     6
Dodge: Dodged            |     8 |    35 ||    43
